 Dungeon Crawl Stone Soup version 0.28.0 (webtiles) character file.

Game seed: 4408562958317053414

464 sasquatch the Slasher (level 6, 0/44 HPs)
             Began as a Demonspawn Gladiator on Feb 7, 2022.
             Was a Believer of Makhleb.
             Slain by a two-headed ogre (6 damage)
             ... on level 5 of the Dungeon.
             The game lasted 00:04:47 (4734 turns).

sasquatch the Slasher (Demonspawn Gladiator)        Turns: 4734, Time: 00:04:47

Health: 0/44       AC: 26    Str: 16    XL:     6   Next: 80%
Magic:  6/6        EV: 10    Int:  9    God:    Makhleb [**....]
Gold:   94         SH:  0    Dex: 15    Spells: 5/5 levels left

rFire   . . .      SeeInvis .   a - +0 long sword
rCold   . . .      Faith    .   (no shield)
rNeg    . . .      Spirit   .   s - +0 scale mail
rPois   .          Reflect  .   c - +0 helmet
rElec   .          Harm     .   d - +0 cloak {Will+}
rCorr   .          Rampage  .   (no gloves)
Will    +....                   y - +1 pair of boots
Stlth   ..........              (no amulet)
HPRegen 0.14/turn               f - +4 ring of protection
MPRegen 0.10/turn               b - +4 ring of slaying

@: sanguine armoured
A: sanguine armour 3
a: Renounce Religion, Minor Destruction


You were on level 5 of the Dungeon.
You worshipped Makhleb.
Makhleb was pleased with you.
You visited 1 branch of the dungeon, and saw 5 of its levels.

You collected 202 gold pieces.
You spent 108 gold pieces at shops.

Inventory:

Hand Weapons
 a - a +0 long sword (weapon)
Armour
 c - a +0 helmet (worn)
 d - a +0 cloak of willpower (worn)
 m - a +0 plate armour
 s - a +0 scale mail (worn)
 y - a +1 pair of boots (worn)
Jewellery
 b - a +4 ring of slaying (right hand)
 f - a +4 ring of protection (left hand)
Wands
 g - a wand of acid (11)
 v - a wand of digging (5)
Scrolls
 e - a scroll of enchant weapon {unknown}
 h - 2 scrolls of teleportation {unknown}
 p - 2 scrolls of identify {unknown}
 t - a scroll of holy word {unknown}
 u - a scroll of magic mapping {unknown}
 w - a scroll of enchant armour {unknown}
Potions
 i - a potion of invisibility {unknown}
 j - a potion of degeneration {unknown}
 l - 2 potions of curing {unknown}
 o - 3 potions of magic {unknown}
 q - 2 potions of berserk rage
 r - a potion of flight {unknown}
 x - a potion of might
 z - a potion of attraction {unknown}


   Skills:
 - Level 2.0 Fighting
 + Level 7.1 Long Blades
 - Level 1.7 Throwing
 - Level 2.6 Dodging


You had 5 spell levels left.
You didn't know any spells.
Your spell library contained the following spells:

 Spells                   Type           Power      Damage    Failure   Level
 Call Canine Familiar     Summ           0%         N/A       99%         3
 Portal Projectile        Hex/Tloc       0%         N/A       99%         3
 Leda's Liquefaction      Hex/Erth       0%         N/A       100%        4


Dungeon Overview and Level Annotations

Branches:
Dungeon (5/15)
 Temple: D:4-7

Altars:
Makhleb

Shops:
D:3 !


Innate Abilities, Weirdness & Mutations

When seriously injured, your blood forms very thick armour. (AC +12)


Message History

The two-headed ogre struggles against the net.
You hit the two-headed ogre but do no damage.
You punch the two-headed ogre, but do no damage.
The two-headed ogre is lightly wounded.
The two-headed ogre struggles against the net.
You catch the helpless two-headed ogre completely off-guard!
You slash the two-headed ogre!
The two-headed ogre is moderately wounded.
The two-headed ogre struggles against the net.
You completely miss the two-headed ogre.
The two-headed ogre is moderately wounded.
The two-headed ogre struggles against the net.
The net rips apart, and the two-headed ogre comes free!
The two-headed ogre hits you with a +0 giant spiked club!!
Ouch! That really hurt!
* * * LOW HITPOINT WARNING * * *
Your blood congeals into armour.
The two-headed ogre closely misses you.
You slash the two-headed ogre!
The two-headed ogre is heavily wounded.
Unknown command.
You hit the two-headed ogre but do no damage.
The two-headed ogre is heavily wounded.
The two-headed ogre hits you but does no damage. x2
Unknown command.
You barely miss the two-headed ogre.
The two-headed ogre is heavily wounded.
The two-headed ogre closely misses you.
The two-headed ogre hits you with a +0 giant spiked club.
* * * LOW HITPOINT WARNING * * *
You slash the two-headed ogre!
The two-headed ogre is severely wounded.
The two-headed ogre barely misses you.
The two-headed ogre hits you with a +0 giant spiked club.
* * * LOW HITPOINT WARNING * * *
Unknown command.
You barely miss the two-headed ogre.
The two-headed ogre is severely wounded.
The two-headed ogre hits you but does no damage.
The two-headed ogre hits you with a +0 giant spiked club.
You die...

#....#.#. #.#.. ..
#.#######.#.# .# ##
.........#.##.## ...
#######......|..... ..
#..................
#.#$#####.....#.####.
.[.. .# #...!####.....#.#
... #.# #...@.......^...#
.#.. #.#
#...OP.P..#.#####
.(..##.#### #.#..≈≈≈P##)#
#.#......(# #...≈.≈≈≈P#<#
#.........# #...≈≈P≈≈.[.#
#.#.......###.♣≈P≈≈≈≈...#
#....<...<......≈≈≈≈≈P#.#
#.#.......###.:≈≈≈≈≈≈[..#
..........# ##P.≈≈≈≈≈.###


You could see a two-headed ogre.

Vanquished Creatures
  A water moccasin skeleton (D:5)
  A jelly (D:4)
  2 hounds
  Crazy Yiuf (D:3)
  An iguana (D:4)
  Terence (D:3)
  3 orc wizards
  A hound zombie (D:4)
  7 adders
  A worm (D:3)
  3 dart slugs
  10 orcs
  4 ball pythons
  6 endoplasms
  2 giant cockroaches (D:4)
  2 goblins
  9 hobgoblins
  2 jackals (D:3)
  5 quokkas
  3 frilled lizards
  4 kobolds
  25 rats
94 creatures vanquished.

Vanquished Creatures (others)
  5 plants (D:5)
5 creatures vanquished.

Grand Total: 99 creatures vanquished

Notes
Turn   | Place    | Note
-------+----------+-------------------------------------------
     0 | D:1      | sasquatch the Demonspawn Gladiator began the quest for the
                  | Orb.
     0 | D:1      | Reached XP level 1. HP: 16/16 MP: 1/1
   431 | D:1      | Reached skill level 3 in Long Blades
   745 | D:1      | Found a faded altar of an unknown god.
   761 | D:1      | Prayed at the altar of an unknown god.
   761 | D:1      | Became a worshipper of Makhleb the Destroyer
   761 | D:1      | Reached * piety under Makhleb
  1060 | D:2      | Noticed an orc wizard
  1065 | D:1      | Gained mutation: When seriously injured, your blood forms
                  | armour. (AC +12) [demonic ancestry]
  1065 | D:1      | Reached XP level 2. HP: 22/22 MP: 2/2
  1217 | D:2      | Gained mutation: When seriously injured, your blood forms
                  | thick armour. (AC +12) [demonic ancestry]
  1217 | D:2      | Reached XP level 3. HP: 13/27 MP: 3/3
  1394 | D:2      | Reached skill level 4 in Long Blades
  1689 | D:2      | Reached ** piety under Makhleb
  1693 | D:2      | Reached XP level 4. HP: 33/33 MP: 4/4
  1789 | D:2      | Reached skill level 5 in Long Blades
  2536 | D:3      | Noticed Terence
  2547 | D:3      | Killed Terence
  2548 | D:3      | Reached XP level 5. HP: 38/38 MP: 5/5
  3024 | D:3      | Found a runed translucent door.
  3025 | D:3      | Noticed Crazy Yiuf
  3235 | D:3      | Found Lyiceoho's Distillery.
  3239 | D:3      | Bought a potion of berserk rage for 60 gold pieces
  3239 | D:3      | Bought a potion of might for 48 gold pieces
  3422 | D:3      | Killed Crazy Yiuf
  3423 | D:3      | Reached skill level 6 in Long Blades
  3581 | D:3      | Gained mutation: When seriously injured, your blood forms
                  | very thick armour. (AC +12) [demonic ancestry]
  3581 | D:3      | Reached XP level 6. HP: 33/44 MP: 6/6
  4613 | D:5      | Entered Level 5 of the Dungeon
  4633 | D:5      | Noticed a two-headed ogre
  4698 | D:4      | Reached skill level 7 in Long Blades
  4734 | D:5      | Slain by a two-headed ogre

Illustrated notes

Levels and vault maps discovered:
D:1:      dpeg_arrival_pond, layout_basic, shapermc_ecumenical_altar_ellora
D:2:      layout_loops_ring, minmay_rat_hole
D:3:      layout_basic, serial_shops, shop, uniq_crazy_yiuf_cottage,
          uniq_terence
D:4:      layout_layer_cave
D:5:      layout_loops_ring, chequers_serial_rivers_small_a,
          minmay_statues_item, serial_bayou_pond_b

Skill      XL: |  1  2  3  4  5  6 |
---------------+-------------------+-----
Long Blades    | 3 4 5 6 7 |  7.1
Fighting       | |  2.0
Throwing       | |  1.7
Dodging        | |  2.6

Action                   |  1- 3 |  4- 6 || total
-------------------------+-------+-------++-------
Melee: Long sword        |    87 |   182 ||   269
       Punch             |     2 |     3 ||     5
Throw: Throwing net      |       |     5 ||     5
 Stab: Held in net/web   |       |     2 ||     2
Armor: Ring mail         |    41 |    86 ||   127
       Leather armour    |     4 |       ||     4
       Scale mail        |       |    22 ||    22
Dodge: Dodged            |    50 |    92 ||   142
